 Dungeon Crawl Stone Soup version 0.20-a0-449-g96be121 (webtiles) character file.

37 Amnesiac the Sneak (level 3, -1/24 HPs)
             Began as a Mummy Enchanter on Jan 8, 2017.
             Slain by a centaur (2 damage)
             ... on level 5 of the Dungeon.
             The game lasted 00:03:54 (1719 turns).

Amnesiac the Sneak (Mummy Enchanter)                Turns: 1719, Time: 00:03:54

Health: -1/24      AC:  2    Str: 11    XL:     3   Next: 23%
Magic:  0/7        EV: 12    Int: 14    God:
Gold:   88         SH:  0    Dex: 13    Spells: 2/8 levels left

rFire  x . .     SeeInvis .     a - +1 dagger
rCold  + . .     Gourm    .     e - +0 robe of Impermeability {rElec rN+ rCorr}
rNeg   + + +     Faith    .     (no shield)
rPois  ∞         Spirit   .     (no helmet)
rElec  +         Reflect  .     (no cloak)
rCorr  +         Harm     .     (no gloves)
MR     .....                    (no boots)
Stlth  ++........               (no amulet)
                                (no ring)
                                (no ring)

@: about to teleport
A: no food or potions, fire vulnerability, cold resistance 1, negative energy
resistance 3, torment resistance, unbreathing
a: no special abilities


You were on level 5 of the Dungeon.
You were not hungry.

You visited 1 branch of the dungeon, and saw 5 of its levels.

You collected 88 gold pieces.

Inventory:

Hand Weapons
 a - a +1 dagger (weapon)
Missiles
 f - 5 tomahawks (quivered)
Armour
 e - the +0 robe of Impermeability (worn) {rElec rN+ rCorr}
   (You found it on level 4 of the Dungeon)

   It insulates you from electricity.
   It protects you from negative energy.
   It protects you from acid and corrosion.
Scrolls
 b - a scroll of fear {unknown}
 d - a scroll of enchant weapon {unknown}
Books
 c - a book of Maledictions

   Spells                             Type                      Level
   a - Corona                         Hexes                        1
   b - Ensorcelled Hibernation        Hexes/Ice                    2
   c - Confuse                        Hexes                        3
   d - Tukima's Dance                 Hexes                        3
   e - Dazzling Spray                 Conjuration/Hexes            3


   Skills:
 - Level 1.0 Short Blades
 - Level 1.5 Dodging
 * Level 3.1 Stealth
 + Level 3.1 Spellcasting
 * Level 3.1 Hexes


You had 2 spell levels left.
You knew the following spells:

 Your Spells              Type           Power        Failure   Level  Hunger
e - Confuse               Hex            ##......     21%         3    N/A
f - Corona                Hex            ##.....      10%         1    N/A
z - Ensorcelled Hibernat  Hex/Ice        #.....       21%         2    N/A

Dungeon Overview and Level Annotations

Branches:
Dungeon (5/15)
 Temple: D:4-7

Altars:
Okawaru
Sif Muna

Annotations:
D:4 exclusions: 2 gnolls and iguana
D:5 exclusions: orc and sky beast


Innate Abilities, Weirdness & Mutations

You do not eat or drink.
Your flesh is vulnerable to fire.
You are immune to poison.
Your flesh is cold resistant. (rC+)
You are immune to negative energy. (rN+++)
You are immune to unholy pain and torment.
You can survive without breathing.


Message History

Aim: a centaur (chance to defeat MR: 41%)
The centaur resists with some effort.
The centaur hits you.
* * * LOW HITPOINT WARNING * * *
The centaur hits you.
* * * LOW HITPOINT WARNING * * *
Casting: Confuse
Confirm with . or Enter, or press ? or * to list all spells.
You don't have enough magic to cast that spell.
Okay, then.
Casting: Confuse
Confirm with . or Enter, or press ? or * to list all spells.
Aiming: Ensorcelled Hibernation
Press: ? - help, Shift-Dir - straight line, f/p - centaur
Aim: a centaur (chance to defeat MR: 37%)
The centaur easily resists.
The centaur hits you.
* * * LOW HITPOINT WARNING * * *
As you read the scroll labeled WAYSCH IR AWA, it crumbles to dust.
You feel strangely unstable.
It was a scroll of teleportation.
The centaur hits you.
You die...

c.. .).). #######'#
#.##.._..
......$###..#.).)
#............... #
#.............##
#.##..............#..
...!................
#..c......(..#.#.#
#####@#####.##.#.#.#
#........##.##.#.#.###
#........##>..........
#........##...........
#........#####.#.#.##
#........#####.#.#.#
#........+.........###
#........#####.#....[.
#####+#### #.#..####


You could see a centaur.

Vanquished Creatures
  2 adders (D:4)
  5 orcs (D:4)
  2 bats
  A goblin (D:1)
  2 kobolds (D:2)
  A frilled lizard (D:1)
  2 rats (D:1)
15 creatures vanquished.

Notes
Turn   | Place    | Note
-------+----------+-------------------------------------------
     0 | D:1      | Amnesiac the Mummy Enchanter began the quest for the Orb.
     0 | D:1      | Reached XP level 1. HP: 13/13 MP: 4/4
    27 | D:1      | Reached skill level 1 in Short Blades
   148 | D:2      | Reached XP level 2. HP: 7/19 MP: 3/5
   152 | D:2      | Learned a level 2 spell: Ensorcelled Hibernation
   504 | D:4      | Found a deep blue altar of Sif Muna.
   660 | D:4      | Got a faintly humming robe
   671 | D:4      | Identified the +0 robe of Impermeability {rElec rN+ rCorr} (You found it on level 4 of the Dungeon)
  1179 | D:4      | Reached XP level 3. HP: 19/24 MP: 4/7
  1184 | D:4      | Learned a level 3 spell: Confuse
  1607 | D:5      | Entered Level 5 of the Dungeon
  1624 | D:5      | Noticed a sky beast
  1667 | D:5      | Found an iron altar of Okawaru.
  1668 | D:5      | Noticed a centaur
  1718 | D:5      | HP: 1/24 [centaur (3)]
  1719 | D:5      | Slain by a centaur

Vault maps used:
D:1:      lightli_arrival_noodles
D:2:      overflow_temple_1_default, nicolae_overflow_crystal_walls,
          minmay_split_cup_large
D:3:      elyvilon_altar_3, zin_scriptorium, lemuel_zombie_altar_kikubaaqudgha,
          uniq_grinder
D:4:      overflow_temple_1_default, first_bread
D:5:      okawaru_ov_weapons_minmay, fedhas_bush_and_centaur_altar,
          serial_shops, shop_fountains

Skill      XL: |  1  2 |
---------------+-------+-----
Short Blades   | 1 |  1.0
Stealth        | 3 |  3.1
Hexes          | 3 |  3.1
Spellcasting   | 3 |  3.1
Dodging        | |  1.5

Action                   || total
-------------------------++-------
Melee: Dagger            ||    36
Throw: Tomahawk          ||     3
 Cast: Corona            ||     8
       Ensorcelled Hiber ||    13
       Confuse           ||     2
  Use: Scroll            ||     1
 Stab: Sleeping          ||     9
Armor: Robe              ||     5
Dodge: Dodged            ||    27
